[Event "46th Barbera del Valles Open-A 2024"]
[Site "Barbera del Valles"]
[Date "2024.07.05"]
[Round "2.8"]
[White "Lau, Lut Yin Luke"]
[Black "Munoz, Miguel"]
[Result "1/2-1/2"]
[ECO "B01"]
[WhiteElo "2120"]
[BlackElo "2364"]
[Annotator "TA"]
[PlyCount "43"]
[EventDate "2024.06.25"]
[EventType "swiss"]
[EventCountry "ESP"]
[SourceTitle "playchess.com"]
[Source "ChessBase"]
[SourceQuality "1"]
[TimeControl "5400+30"]

1. e4 d5 2. exd5 Qxd5 3. Nf3 Bg4 4. Be2 Nc6 5. h3 Bxf3 6. Bxf3 Qe6+ 7. Qe2 {[%emt 0:00:09] White wants to play Qxe6.} Qxe2+ 8. Bxe2 {[%emt 0:00:13] The position is equal.} O-O-O 9. O-O e5 10. Re1 f5 11. d3 g6 12. Nd2 Bg7 13. c3 Nge7 14. Nc4 Nd5 15. a4 a5 16. Bd2 Rhe8 17. Rad1 Bf6 18. Bf3 h5 19. g3 Nde7 20. Be3 {[%emt 0:02:53] White is more active.} Nd5 21. Bc5 (21. h4 $14) 21... Be7 (21... h4 $11 {keeps the balance.}) 22. Bxe7 {[%emt 0:03:45] Weighted Error Value: White=0.11 (very precise) /Black=0.14 (very precise) .  Mistake:       	White=1     	Black=1      Inaccurate:     	White=1     	Black=1      OK:         	White=7     	Black=4} 1/2-1/2

[Event "46th Barbera del Valles Open-A 2024"]
[Site "Barbera del Valles"]
[Date "2024.07.05"]
[Round "2.9"]
[White "Valenzuela Gomez, Fernando"]
[Black "Suvradeepta, Das"]
[Result "1/2-1/2"]
[ECO "C11"]
[WhiteElo "2358"]
[BlackElo "2114"]
[Annotator "TA"]
[PlyCount "92"]
[EventDate "2024.06.25"]
[EventType "swiss"]
[EventCountry "ESP"]
[SourceTitle "playchess.com"]
[Source "ChessBase"]
[SourceQuality "1"]
[TimeControl "5400+30"]

1. e4 e6 2. d4 d5 3. Nc3 Nf6 4. e5 Nfd7 5. f4 c5 6. Nf3 Nc6 7. Be3 Be7 8. a3 {[%emt 0:02:55] C11: French: Classical System: 4 e5 and 4 Bg5 dxe4.} a6 9. Bd3 O-O 10. O-O f6 $146 ({Predecessor:} 10... b5 11. dxc5 Nxc5 12. Kh1 Bb7 13. Nd4 Nxd4 14. Bxd4 Nxd3 15. cxd3 f6 16. Qg4 f5 {½-½ Sharma,D (2242)-Liyanage,R (2331) Asian Continental Blitz op 19th 2022 (3)}) 11. exf6 Bxf6 12. Be2 (12. dxc5 d4 13. Nxd4 Bxd4 (13... Nxd4 14. Bxh7+ Kxh7 15. Bxd4 $17) 14. Bxh7+ Kxh7) 12... cxd4 13. Nxd4 Qb6 14. Na4 Bxd4 15. Nxb6 Bxe3+ 16. Kh1 Bxb6 (16... Nxb6 17. Bd3 g6 18. Qe1 $15) 17. c4 Nf6 18. Bd3 Kh8 19. b4 Bd7 20. Qe2 (20. b5 $17 axb5 21. cxd5 exd5 22. Bxb5) 20... Rae8 (20... dxc4 $19 21. Bxc4 Nd4) 21. Rae1 (21. b5 $17 Ne7 22. a4) 21... e5 22. cxd5 Nd4 (22... Nxd5 23. fxe5 Nf4 (23... Rxf1+ $2 24. Rxf1 g6 25. Rf7 $18) 24. Qe4 Nxd3 25. Qxd3 $11 (25. Rxf8+ Rxf8 26. Qxd3 Nd4 $14)) (22... exf4 $19 23. Qb2 Rxe1 (23... Nxd5 24. b5 $17) 24. Rxe1 Ng4 (24... Nxd5 25. b5 $11)) 23. Qd2 $2 (23. Qxe5 $17 Rxe5 24. fxe5) 23... e4 $19 (23... Nxd5 24. fxe5 (24. Rxe5 Nf6 $11) 24... Be6 25. Rxf8+ Rxf8 26. Be4 $14) 24. Bc4 Ng4 25. h3 e3 (25... Rf6 $142 {[%cal Od4f5] aiming for ...Nf5!} 26. Qd1 (26. hxg4 $2 Rh6+ 27. Kg1 Nf3#) 26... e3) 26. Qb2 Nf2+ $2 (26... Nf6 $19 {Hoping for ...Nh5.} 27. Kh2 Rc8) 27. Rxf2 $1 $15 exf2 28. Qxf2 $2 (28. Rxe8 $1 $15 Bxe8 (28... Rxe8 29. Qxf2 Ba7 30. Bd3 $11) 29. Qxf2) 28... Rxe1+ $19 29. Qxe1 Nf5 $1 (29... Rxf4 $2 30. Qe5 $18) 30. Bd3 (30. Qb1 $142) 30... Re8 $1 $19 31. Qd2 Ng3+ 32. Kh2 Be3 33. Qd1 Bxf4 34. Qf3 g5 35. Qd1 Bf5 36. d6 Bxd6 37. Kg1 (37. b5 {keeps fighting.} Nh1+ 38. Kxh1 Bxd3 39. bxa6 bxa6 40. Qa1+ Be5 41. Qe1) 37... Bxd3 $19 38. Qxd3 Be5 (38... Re1+ $2 39. Kf2 Rf1+ 40. Ke3 $19) 39. Qd5 Bg7 $2 (39... Bf4 $19 40. Kf2 Re2+ 41. Kf3 Re3+ 42. Kf2 Ne4+ (42... Rxa3 43. Qd8+ Kg7 44. Qe7+ Kg8 45. Qe8+ Kg7 46. Qe7+ Kg8 47. Qe8+ Kg7 48. Qe7+ $11) 43. Kf1 Nd6 44. Qd4+ Kg8) 40. Kf2 {[%emt 0:06:52] [#]} ({White should try} 40. Kh2 $15 Be5 41. Kg1) 40... Ne4+ (40... Nf5 $1 $19 {Threatens to win with ...Be5.} 41. Qd7 (41. Qxf5 $2 {loses.} Rf8 $19) 41... Rf8 (41... Bd4+ 42. Kf3 $17)) 41. Kf3 $15 b5 42. Qc6 Nd2+ 43. Kg4 Rf8 44. Qxa6 {[%emt 0:01:00] [#]} (44. Kxg5 $11 {keeps the balance.} h6+ 45. Kh5) 44... Nc4 (44... Ne4 $1 $17 {( -> ...Rf4+)} 45. Kh5 Ng3+ 46. Kg4 Be5) 45. Qxb5 Nxa3 46. Qd3 Nc4 $1 1/2-1/2

[Event "46th Barbera del Valles Open-A 2024"]
[Site "Barbera del Valles"]
[Date "2024.07.05"]
[Round "2.10"]
[White "Nagare Kaivalya Sandip"]
[Black "Lazaro Pujol, Abel"]
[Result "1/2-1/2"]
[ECO "C78"]
[WhiteElo "2109"]
[BlackElo "2356"]
[Annotator "TA"]
[PlyCount "57"]
[EventDate "2024.06.25"]
[EventType "swiss"]
[EventCountry "ESP"]
[SourceTitle "playchess.com"]
[Source "ChessBase"]
[SourceQuality "1"]
[TimeControl "5400+30"]

1. e4 e5 2. Nf3 Nc6 3. Bb5 a6 4. Ba4 Nf6 5. O-O b5 6. Bb3 Bc5 7. a4 Rb8 8. axb5 axb5 {[%emt 0:00:12] [#]} 9. Nxe5 $1 Nxe5 10. d4 Bxd4 11. Qxd4 d6 12. f4 Nc6 13. Qc3 (13. Qd3 {vereinfacht} O-O 14. c3 Be6 15. Bxe6 fxe6 16. Nd2) 13... Ne7 14. Ra7 {[%emt 0:00:04] [#] Und e5 würde nun gewinnen.} c5 {[%emt 0:00:56][%cal Oc5c4] Droht stark ...c4!} 15. e5 Nfd5 16. Bxd5 Nxd5 17. Qf3 c4 (17... Qb6 $11 18. Ra1 Bb7) 18. Kh1 {[%emt 0:12:59] Weiß steht aktiver.} (18. Qxd5 $6 Qb6+ 19. Kh1 Qxa7 20. Qxd6 Qb6 $15) (18. Rd1 $16 Qb6+ 19. Qf2 Qxf2+ 20. Kxf2) 18... Qb6 $11 {[%emt 0:01:03] Die Stellung ist ausgeglichen.} 19. Rxf7 Kxf7 20. Qxd5+ Be6 21. Qd1 Bf5 $1 (21... dxe5 $2 22. f5 Rhd8 (22... Bc8 $2 23. Qh5+ Kf8 24. f6 $18) 23. fxe6+ Kg8 24. Qg4 $18) 22. Qd5+ Be6 23. Qd1 {[%emt 0:00:17] Und jetzt f5 wäre schön.} Bf5 $1 (23... dxe5 $2 24. f5 Rhd8 (24... Bc8 $2 25. Qh5+ Kf8 26. f6 $18) 25. fxe6+ Kg8 26. Qg4 $18) 24. Qd5+ Be6 25. Qd1 {[%emt 0:00:06] Schwarz muss nun f5 beachten.} Bf5 $1 ({Nicht} 25... dxe5 $2 26. f5 Rhd8 (26... Bc8 $2 27. Qh5+ Kf8 28. f6 $18) 27. fxe6+ Kg8 28. Qg4 $18) 26. Qd5+ Be6 27. Qd1 {[%emt 0:00:07] f5 ist eine echte Drohung.} Bf5 $1 (27... dxe5 28. f5 Rhd8 (28... Bc8 $2 29. Qh5+ Kf8 30. f6 $18) 29. fxe6+ Kg8 30. Qe2 (30. Qg4 Rf8 $18) 30... Qxe6 31. b3) 28. Qd5+ Be6 29. Qd1 {[%emt 0:00:08] Ein ziemlich ruhiges Remis.   Gewichteter Fehlerwert: Weiß=0.06 (makellos) /Schwarz=0.05 (makellos) .  Fehler:       	Weiß=1     	Schwarz=1     OK:         	Weiß=11    	Schwarz=6     Bester:       	Weiß=2     	Schwarz=6     Stark:        	---       	Schwarz=4} 1/2-1/2